Unix NetHack Version 5.0.0-0 post-release - last build Jul 11 2026 15:18:16 (a5a7a23833b1ad5d30b1c6e96a93a978492a6348,branch:main).

Game began 2026-07-12 07:09:29, ended 2026-07-12 12:10:42.

LDaviesPeters, neutral female human Archeologist

                -------
                |.....|          ----------------            ----------
    ------     #.......#####    #..........<....|            |<.......|
    |....|     #|....`|    ###  #|(.............|            |........|
    |.....####%#-----|-      ####...............|           #-..`.....|
    |....|           ##         #-----.----------            ---a------
    |\.(.|            #         ###   #                       #@#
    |.>..|            #           #   #%#                     #
    |....|            #           #     [                     #
    ------            #           #     ##                    #
                   - -.-----------#      #                    #
                   |.............|#      ###                ###
                   |..............#        #                #
                   |.............|##############################
                   |.............|##   --------|--         -.--.-------
                   |.............| ####..........|         |..........|
                   ---------------     |.........-####     |...%......|
                                       |.`.......|   ######|......`...|
                                       --+--------         ------------

LDaviesPeters the Investigator  St:16 Dx:12 Co:13 In:15 Wi:16 Ch:9  Neutral
Dlvl:6  $:0  HP:0(48) Pw:45(45) AC:1  Xp:8 T:10995 

Latest messages:
 The quasit just misses!
 The quasit hits!
 The quasit misses!
 The bugbear hits!
 You miss the bugbear.
 The quasit hits!
 The quasit hits again!
 The quasit's sting was poisoned!
 Your muscles won't obey you!
 The quasit bites!
 You kill the bugbear!
 The quasit hits!
 The quasit hits again!
 The quasit misses!
 You miss the quasit.
 The quasit hits!
 The quasit hits again!
 The quasit bites!
 You lash the quasit!
 The quasit just misses!
 The quasit misses!
 The quasit bites!
 You lash the quasit!
 You miss the quasit.
 The quasit hits!
 The quasit hits again!
 The quasit misses!
 The hobgoblin picks up an orcish helm.
 The quasit hits!
 The quasit misses!
 The quasit misses!
 What do you want to read? [py or ?*] ?
 As you read the scroll, it disappears.
 You materialize in a different location!
 The giant ant strikes at your displaced image and misses you!
 The giant ant strikes at your displaced image and misses you!
 You miss the giant ant.
 The giant ant misses!
 The giant ant bites!
 You miss the giant ant.
 The giant ant bites!
 You lash the giant ant!
 The giant ant bites!
 The giant ant bites!
 You die...
 Do you want your possessions identified? [ynq] (y) y
 Do you want to see your attributes? [ynq] (y) y
 Do you want an account of creatures vanquished? [ynaq] (y) n
 Do you want to see your conduct and achievements? [ynq] (y) y
 Do you want to see the dungeon overview? [ynq] (y) n

Inventory:
 Weapons  (')')
  n - 11 +0 shuriken
  t - a blessed rustproof +1 dagger
  I - 6 +0 daggers
  a - a blessed +2 bullwhip (weapon in right hand)
 Armor    ('[')
  z - an uncursed rusty +0 orcish helm (being worn)
  G - an uncursed +1 pair of leather gloves (being worn)
  e - an uncursed +1 pair of iron shoes (being worn)
  u - an uncursed +0 shield of shock resistance (being worn)
  r - an uncursed +1 cloak of displacement (being worn)
  h - an uncursed +0 leather jacket (being worn)
 Comestibles  ('%')
  F - an uncursed clove of garlic
  X - 5 uncursed food rations
  i - an uncursed fortune cookie
  o - an uncursed homemade tin of tengu meat
  j - a blessed tin of deep fried Mordor orc meat
 Scrolls  ('?')
  p - a blessed scroll of identify
 Rings    ('=')
  U - a cursed ring of aggravate monster
  k - an uncursed ring of fire resistance (on left hand)
  c - a blessed +1 ring of increase accuracy
  H - an uncursed ring of invisibility
 Wands    ('/')
  Q - a wand of create monster (0:9)
  f - a wand of locking (0:7)
  T - a wand of magic missile (0:7)
  q - a wand of opening (0:7)
  v - a wand of polymorph (0:4)
  R - a wand of stasis (0:2)
  Y - a wand of striking (0:8)
  O - a wand of striking (0:2)
  E - a wand of striking (0:0)
 Tools    ('(')
  b - a blessed bag of holding containing 21 items
  l - a cursed magic lamp (lit)
  A - an uncursed magic whistle
  B - an uncursed towel
 Gems/Stones  ('*')
  V - 2 uncursed citrine stones
  d - an uncursed jasper stone
  N - an uncursed ruby
  K - a blessed luckstone
  g - an uncursed touchstone

Contents of the bag of holding:
  574 gold pieces
  an uncursed +0 pair of levitation boots
  an uncursed +0 pair of water walking boots
  an uncursed fireproof +0 cloak of invisibility
  a blessed scroll of blank paper
  an uncursed scroll of blank paper
  a blessed scroll of earth
  an uncursed scroll of earth
  an uncursed scroll of light
  an uncursed scroll of magic mapping
  a blessed scroll of punishment
  a blessed scroll of teleportation
  2 uncursed scrolls of teleportation
  an uncursed potion of enlightenment
  an uncursed potion of healing
  an uncursed potion of oil
  10 potions of holy water
  a wand of create monster (0:13)
  a magic marker (0:49)
  a +0 pick-axe
  a tinning kit (0:86)

LDaviesPeters the Archeologist's attributes:

Background:
 You were an Investigator, a level 8 female human Archeologist.
 You were neutral, on a mission for Camaxtli
 who was opposed by Quetzalcoatl (lawful) and Huhetotl (chaotic).
 You were right-handed.
 You were in the Dungeons of Doom, on level 6.
 You entered the dungeon 10995 turns ago.
 You had 2315 experience points, 245 more were needed to attain level 9.

Basics:
 You had 0 out of 48 hit points.
 You had all 45 energy points (spell power).
 Your armor class was 1.
 Your wallet was empty, but
 you had 574 zorkmids stashed away in your pack.
 Autopickup was off.

Final Characteristics:
 Your strength was 16 (limit:18/100).
 Your dexterity was 12 (peak:14, limit:18).
 Your constitution was 13 (limit:18).
 Your intelligence was 15 (limit:18).
 Your wisdom was 16 (limit:18).
 Your charisma was 9 (limit:18).

Final Status:
 You weren't hungry.
 You were unencumbered.
 You were wielding a whip.
 You had expert skill with whip.

Final Attributes:
 You were piously aligned.
 You were fire resistant.
 Your items were protected from fire.
 You were shock resistant.
 Your items were protected from electric shocks.
 You were telepathic.
 You had automatic searching.
 You were displaced.
 You were stealthy.
 You were warded.
 You were fast.
 You were lucky.
 You had extra luck.
 Good luck did not time out for you.
 You are dead (2nd time!).

Miscellaneous:
 You didn't encounter any bones levels.
 Total elapsed playing time was 4 hours, 13 minutes and 43 seconds.

Major events:
 Turn
    1: LDaviesPeters the neutral female human Archeologist entered the dungeon
  916: attained the rank of Field Worker (level 3)
 3768: entered the Gnomish Mines
 5056: attained the rank of Investigator (level 6)
 5762: averted death (killed by a dwarf)
 7543: reached Mine Town
10123: entered Sokoban
10333: completed 1st Sokoban level
10709: completed 2nd Sokoban level
10995: killed by a giant ant

Spells:
 Name                 Level Category     Fail Retention
 levitation             4   escape       100%   51%-75%
 haste self             3   escape       100%   51%-75%

Skills:
 Fighting Skills
   bare handed combat [Unskilled]
   two weapon combat  [Unskilled]
   riding             [Unskilled]
 Weapon Skills
   dagger             [Unskilled]
   knife              [Unskilled]
   pick-axe           [Basic]
   short sword        [Unskilled]
   saber              [Unskilled]
   club               [Unskilled]
   quarterstaff       [Unskilled]
   sling              [Unskilled]
   dart               [Unskilled]
   boomerang          [Unskilled]
   whip               [Expert]
   unicorn horn       [Unskilled]
 Spellcasting Skills
   attack spells      [Unskilled]
   healing spells     [Unskilled]
   divination spells  [Unskilled]
   matter spells      [Unskilled]

Voluntary challenges:
 Character rerolling was not enabled.
 You never genocided any monsters.
 You never polymorphed an object.
 You never changed form.
 You used no wishes.
 You did not violate any of the special Sokoban rules.
Achievements:
 You attained the rank of Field Worker.
 You entered a shop.
 You entered the Gnomish Mines.
 You attained the rank of Investigator.
 You entered Minetown.
 You entered a temple.
 You entered Sokoban.

 The Dungeons of Doom: levels 1 to 6
    Level 1:
       A fountain.
    Level 2:
       A potion shop, an altar.
    Level 3:
       A scroll shop, a grave.
       Stairs down to The Gnomish Mines.
    Level 4:
       An armor shop.
    Level 5:
       A fountain.
    Level 6: <- You were here.
       A throne.
       Stairs up to Sokoban, level 5.
       Final resting place for
          you, killed by a giant ant.
 The Gnomish Mines: levels 4 to 8
    Level 4:
    Level 5:
    Level 6:
    Level 7:
       Many shops, a temple and an altar, some fountains, some trees.
    Level 8:
 Sokoban: levels 5 up to 4
    Level 4:
       Solved.
    Level 5:
       Solved.


Vanquished creatures:
  a tengu
  a winter wolf cub
  a horse
  a vampire bat
  a brown pudding
  a Green-elf
  a lizard
  2 dingoes
  a raven
  a rope golem
  3 bugbears
  a quasit
  2 wood nymphs
  a mountain nymph
 26 Uruk-hai
  a rock piercer
  a fog cloud
  3 yellow lights
  a shrieker
  a violet fungus
 14 gnome leaders
  a gnomish wizard
  a gray ooze
  4 elf zombies
  a straw golem
  a giant ant
  a little dog
  9 floating eyes
 12 dwarves
  2 homunculi
  2 hill orcs
  6 rothes
  a rabid rat
  a centipede
  5 giant bats
 an orc zombie
  4 dwarf zombies
  a wererat
  8 iguanas
 an acid blob
  4 coyotes
  2 gas spores
  2 hobbits
  a large kobold
  7 hobgoblins
  6 giant rats
  4 cave spiders
  a brown mold
  2 yellow molds
  a green mold
  2 red molds
 34 gnomes
  2 garter snakes
  a gnome zombie
 10 geckos
 18 jackals
  3 foxes
  5 kobolds
  5 goblins
  6 sewer rats
 10 grid bugs
  4 bats
  9 lichens
  a kobold zombie
 12 newts
279 creatures vanquished.

No species were genocided or became extinct.

Game over:
                       ----------
                      /          \
                     /    REST    \
                    /      IN      \
                   /     PEACE      \
                  /                  \
                  |  LDaviesPeters   |
                  |      574 Au      |
                  |   killed by a    |
                  |    giant ant     |
                  |                  |
                  |                  |
                  |       2026       |
                 *|     *  *  *      | *
        _________)/\\_//(\/(/\)/\//\/|_)_______

Goodbye LDaviesPeters the Archeologist...

You died in The Dungeons of Doom on dungeon level 6 with 10147 points,
and 574 pieces of gold, after 10995 moves.
You were level 8 with a maximum of 48 hit points when you died.

